Map: Odyssey LE

Players

Dessa - Winner!

  • Race: Zerg Zerg
  • League: Diamond
  • Spawn Location: 5:00

chizhik

  • Race: Zerg Zerg
  • League: Diamond
  • Spawn Location: 11:00

VOD

Have the link to the VOD?

Description

Time

  • Played on: Jan. 11, 2018, 6:29 a.m.
  • Length: 9:26
Show
View Real Time Build Order
Export as new Build Order

Dessa Zerg - Winner!

Build Orders: Pool First 

Get SALT Encoding   

  12  0:01  Drone  
  13  0:12  Overlord  
  13  0:19  Drone  
  14  0:31  Drone x2  
  14  0:34  Drone  
  17  0:37  Extractor  
  16  0:45  Drone  
  17  0:51  Spawning Pool  
  17  0:55  Drone  
  17  1:17  Hatchery  
  16  1:22  Drone  
  16  1:25  Drone  
  18  1:38  Metabolic Boost  
  18  1:41  Zergling x4  
  20  1:50  Queen  
  22  2:08  Overlord  
  22  2:17  Baneling Nest  
  22  2:18  Zergling x2  
  22  2:28  Zergling x2  
  22  2:29  Zergling x2  
  24  2:31  Queen  
  24  2:33  Zergling x4  
  27  2:48  Zergling x2  
  28  3:00  Zergling x6  
  28  3:02  Baneling x2  
  28  3:03  Zergling x2  
  32  3:06  Zergling x2, Queen  
  34  3:33  Zergling x6  
  35  3:36  Drone  
  35  3:38  Baneling  
  35  3:39  Baneling  
  35  3:51  Overlord  
  35  4:01  Drone x2  
  36  4:09  Baneling x3  
  36  4:12  Drone  
  36  4:13  Overlord  
  36  4:14  Drone x4  
  41  4:21  Roach Warren  
  39  4:43  Drone x5  
  44  4:51  Drone x2  
  44  4:52  Drone x2  
  47  4:55  Lair  
  47  4:56  Drone  
  47  4:57  Extractor  
  46  5:12  Zergling x6  
  42  5:16  Roach x3  
  42  5:17  Roach x2  
  49  5:42  Drone  
  49  5:45  Baneling x4  
  49  5:52  Drone x3  
  49  5:53  Overlord  
  49  5:55  Overlord  
  52  5:59  Pneumatized Carapace  
  52  6:13  Extractor x2  
  52  6:16  Drone x2  
  52  6:17  Overlord  
  52  6:18  Overlord  
  52  6:25  Drone x5  
  56  6:26  Hatchery, Hydralisk Den  
  56  6:29  Drone x2  
  56  6:31  Drone  
  58  6:35  Overlord  
  58  6:47  Drone x2  
  58  6:54  Glial Reconstitution  
  60  7:11  Roach x3  
  60  7:12  Roach x2  
  70  7:16  Muscular Augments  
  70  7:17  Overlord x2  
  70  7:20  Hatchery  
  69  7:28  Roach x4  
  81  7:44  Roach x5  
  87  7:54  Roach x4  
  95  8:01  Evolution Chamber  
  95  8:02  Evolution Chamber  
  95  8:05  Hydralisk x3  
  93  8:08  Overlord x2  
  99  8:14  Ravager  
  99  8:16  Overlord  
  99  8:17  Overlord  
  100  8:27  Spine Crawler  
  100  8:28  Spine Crawler, Drone x2  
  100  8:29  Spine Crawler  
  100  8:30  Drone  
  100  8:44  Queen  
  102  8:54  Drone x4  
  102  8:55  Drone x4  
  110  9:14  Spine Crawler  
  110  9:15  Spine Crawler  
Show
View Real Time Build Order
Export as new Build Order

chizhik Zerg 

Build Orders: Hatch First 

Get SALT Encoding   

  12  0:01  Drone  
  13  0:12  Drone  
  14  0:22  Overlord  
  14  0:44  Hatchery  
  14  0:45  Drone  
  14  0:48  Drone  
  15  0:52  Drone  
  16  1:00  Drone  
  17  1:13  Spawning Pool  
  17  1:17  Drone  
  17  1:21  Extractor  
  17  1:23  Drone  
  17  1:30  Drone  
  18  1:39  Overlord  
  18  1:50  Drone  
  19  2:01  Queen x2  
  21  2:03  Zergling x2  
  24  2:12  Drone x3  
  27  2:18  Zergling x2  
  27  2:22  Zergling x2  
  29  2:26  Metabolic Boost  
  29  2:35  Zergling x4  
  31  2:46  Zergling x4  
  33  2:57  Zergling x4  
  35  3:05  Overlord x2  
  35  3:10  Spine Crawler  
  34  3:18  Evolution Chamber  
  23  3:34  Zergling x2  
  23  3:35  Zergling x12  
  27  3:46  Zergling x8  
  31  3:51  Baneling Nest, Queen  
  32  4:01  Zergling x2  
  32  4:02  Zergling x2  
  29  4:09  Zergling x2  
  31  4:10  Zergling x4  
  32  4:21  Zergling x2  
  33  4:43  Zergling x10  
  36  4:45  Baneling  
  36  4:46  Baneling x3  
  36  4:53  Extractor  
  36  4:54  Zergling x2  
  36  5:03  Zergling x2  
  29  5:15  Zergling x4  
  29  5:16  Zergling x2  
  32  5:24  Zergling x2  
  32  5:28  Hatchery  
  24  5:47  Roach Warren  
  24  5:50  Drone x4  
  27  6:11  Zergling x8  
  31  6:25  Drone  
  32  6:33  Roach x2  
  36  6:41  Drone  
  36  6:43  Roach  
  39  6:55  Roach x2  
  43  7:08  Overlord x2  
  43  7:23  Overlord  
  43  7:36  Drone x3  
  46  7:37  Roach  
  46  7:38  Roach x2  
  51  7:52  Zergling x2  
  51  7:53  Zergling x4  
  52  8:00  Roach  
  52  8:01  Roach  
  57  8:12  Drone  
  57  8:13  Drone, Evolution Chamber  
  57  8:26  Drone x3  
  60  8:35  Roach  
  62  8:46  Drone  
  61  8:54  Drone  
  62  9:05  Drone  
Tags
 
Matchup
ZvZ
Race
Zerg
Replay Pack
2017S4
Spawn Locations
Cross Positions
Add a new tag
Caveats
  • Supply blocks, unpowered buildings, or Contaminate may cause inaccurate times.
  • Supply counts are checked every 10 seconds.